 Dungeon Crawl Stone Soup version 0.25.1-2-g60ff931df9 (webtiles) character file.

Game seed: 6804304806245202816

200 MajorAdolf the Chopper (level 5, -2/49 HPs)
             Began as a Naga Wanderer on Nov 17, 2020.
             Slain by an ogre
             ... wielding a +0 giant club
              (23 damage)
             ... on level 4 of the Dungeon.
             The game lasted 00:05:27 (5059 turns).

MajorAdolf the Chopper (Naga Wanderer)              Turns: 5059, Time: 00:05:27

Health: -2/49      AC:  7    Str: 17    XL:     5   Next: 78%
Magic:  6/6        EV:  7    Int: 12    God:
Gold:   99         SH:  3    Dex: 15    Spells: 6/6 levels left

rFire    . . .     SeeInvis +   a - +0 hand axe
rCold    . . .     Gourm    .   x - +0 buckler
rNeg     . . .     Faith    .   q - +0 scale mail
rPois    +         Spirit   .   o - +0 helmet
rElec    .         Reflect  .   y - +0 cloak
rCorr    .         Harm     .   (no gloves)
MR       .....                  (no barding)
Stlth    ..........             (no amulet)
HPRegen  0.16/turn              v - +6 ring of dexterity
MPRegen  0.10/turn              (no ring)

@: very slow
A: large, see invisible, deformed body, poison resistance, slowness 2, slow
metabolism 1, spit poison 1, AC +1
a: Spit Poison


You were on level 4 of the Dungeon.
You were not hungry.

You visited 1 branch of the dungeon, and saw 4 of its levels.

You collected 99 gold pieces.

Inventory:

Hand Weapons
 a - a +0 hand axe (weapon)
 s - a +1 dagger of venom
Armour
 d - a +0 robe
 o - a +0 helmet (worn)
 q - a +0 scale mail (worn)
 x - a +0 buckler (worn)
 y - a +0 cloak (worn)
 z - a +0 plate armour
Jewellery
 l - an uncursed ring of resist corrosion {unknown}
 v - a +6 ring of dexterity (left hand)
Wands
 b - a wand of enslavement (15)
Scrolls
 e - 2 scrolls of magic mapping {unknown}
 g - 4 scrolls of identify {unknown}
 h - 2 scrolls of enchant armour {unknown}
 i - a scroll of blinking {unknown}
 j - 3 scrolls of teleportation {unknown}
 k - 2 scrolls of immolation {unknown}
 n - 3 scrolls of amnesia {unknown}
 r - a scroll of noise {unknown}
 t - a scroll of fog {unknown}
Potions
 c - 3 potions of curing
 m - a potion of invisibility {unknown}
 p - 2 potions of lignification {unknown}
 w - a potion of haste
Comestibles
 f - 9 rations
 u - a chunk of flesh


   Skills:
 - Level 3.0 Fighting
 * Level 5.2 Axes
 + Level 1.0 Armour
 + Level 1.0 Dodging
 + Level 0.1 Shields
 - Level 1.0 Spellcasting
   Level 2.0 Translocations
 - Level 2.0 Evocations


You had 6 spell levels left.
You didn't know any spells.
Your spell library was empty.

Dungeon Overview and Level Annotations

Branches:
Dungeon (4/15)
 Temple: D:4-7

Altars:
Trog


Innate Abilities, Weirdness & Mutations

You cannot wear boots.
Your serpentine skin is tough. (AC +1)
You have supernaturally acute eyesight. (SInv)
Armour fits poorly on your strangely shaped body.
Your system is resistant to poisons. (rPois)
You cover ground very slowly.
You have a slow metabolism.
You can spit poison.


Message History

You hit the ogre.
The ogre is lightly wounded.
The ogre closely misses you.
Press: ? - help, Shift-Dir - straight line, f - ogre
Aim: an ogre, wielding a +0 giant club (lightly wounded)
The splash of poison hits the ogre.
The ogre is poisoned.
The ogre is lightly wounded.
You feel slightly more hungry.
You slash the ogre!
The ogre is moderately wounded.
The ogre hits you with a +0 giant club!!
You slash the ogre!
The ogre is severely wounded.
You have got your breath back.
The ogre hits you with a +0 giant club!
You are too injured to fight recklessly!
You hit the ogre.
The ogre is severely wounded.
The ogre hits you with a +0 giant club!!
You die...

#.# #.#
..#########.#######.#
..............)....>#
######.###.#########
#.# #.############
#.# #......(.....(
#$# ##############
#@# #O# #.....^.....
+...........
#...........
#...........
#...........
#...........
#...........


You could see an ogre (poisoned).

Vanquished Creatures
  An iguana (D:3)
  Robin (D:3)
  6 adders
  2 oozes
  4 worms (D:2)
  2 dart slugs (D:2)
  A leopard gecko (D:1)
  2 orcs (D:4)
  7 bats
  7 giant cockroaches
  14 goblins
  6 hobgoblins
  10 jackals
  6 kobolds
  A quokka (D:3)
  3 frilled lizards
  5 rats
78 creatures vanquished.

Notes
Turn   | Place    | Note
-------+----------+-------------------------------------------
     0 | D:1      | MajorAdolf the Naga Wanderer began the quest for the Orb.
     0 | D:1      | MajorAdolf set off with the following items: a +0 hand axe,
                  | a wand of enslavement (15), a potion of curing, a +0 robe,
                  | a ration
     0 | D:1      | Reached XP level 1. HP: 21/21 MP: 2/2
   182 | D:1      | Reached XP level 2. HP: 24/28 MP: 3/3
   482 | D:1      | Reached skill level 3 in Axes
  1373 | D:2      | Reached XP level 3. HP: 12/34 MP: 4/4
  2161 | D:2      | Reached skill level 4 in Axes
  2325 | D:2      | Reached XP level 4. HP: 40/42 MP: 5/5
  3712 | D:3      | Noticed Robin
  3811 | D:3      | Killed Robin
  3811 | D:3      | Reached XP level 5. HP: 9/49 MP: 6/6
  4268 | D:3      | Reached skill level 5 in Axes
  4330 | D:3      | Reached skill level 1 in Dodging
  4617 | D:3      | Reached skill level 1 in Armour
  4938 | D:3      | Found a bloodstained altar of Trog.
  5049 | D:4      | Noticed an ogre
  5059 | D:4      | Slain by an ogre

Illustrated notes

Levels and vault maps discovered:
D:1:      tarquinn_simple_flora_water_a, layout_loops_ring
D:2:      layout_loops_ring, first_ration
D:3:      layout_basic, bloody_trog, uniq_robin
D:4:      layout_basic

Skill      XL: |  1  2  3  4  5 |
---------------+----------------+-----
Axes           | 3 4 5 |  5.2
Dodging        | 1 |  1.0
Armour         | 1 |  1.0
Fighting       | |  3.0
Shields        | |  0.1
Spellcasting   | |  1.0
Translocations | |  2.0
Evocations     | |  2.0

Action                   |  1- 3 |  4- 6 || total
-------------------------+-------+-------++-------
Melee: Hand axe          |   106 |   216 ||   322
 Abil: Spit Poison       |     1 |     8 ||     9
  Eat: Chunk             |     3 |     4 ||     7
       Ration            |       |     1 ||     1
Armor: Robe              |    32 |    14 ||    46
       Scale mail        |       |    83 ||    83
Dodge: Dodged            |    71 |    66 ||   137
Block: Buckler           |       |     4 ||     4
